 Dungeon Crawl Stone Soup version 0.32-a0-42-ga30500b4d3 (webtiles) character file.

Game seed: 15742111515912069406

10003 seren the Skirmisher (level 11, -5/68 HPs)
             Began as a Kobold Hunter on Feb 3, 2024.
             Was an Elder of Fedhas.
             Slain by a black mamba (10 damage)
             ... on level 1 of the Lair of Beasts.
             The game lasted 00:46:37 (12414 turns).

seren the Skirmisher (Kobold Hunter)               Turns: 12414, Time: 00:46:38

Health: -5/68      AC: 13    Str:  8    XL:     11   Next: 84%
Magic:  14/14      EV: 20    Int:  6    God:    Fedhas [****..]
Gold:   576        SH:  0    Dex: 23    Spells: 10/10 levels left

rFire   + . .        b - +2 dagger (venom)
rCold   + . .        (no shield)
rNeg    . . .        m - +1 scale mail of Suemaod {+Blink Will+ Regen+ Int-5}
rPois   .            A - +1 helmet
rElec   .            r - scarf {rC+ rF+}
rCorr   +            e - +0 pair of gloves
SInv    .            n - +0 pair of boots
Will    +....        (no amulet)
Stlth   +++          w - ring of resist corrosion
HPRegen 1.11/turn    s - +5 ring of evasion
MPRegen 0.14/turn

%: no passive effects
@: lethally poisoned (-5 -> -32), studying Maces & Flails
A: small, no large weapons, nightstalker 3
a: Renounce Religion, Evoke Blink, Wall of Briars, Grow Ballistomycete, Overgrow


You were on level 1 of the Lair of Beasts.
You worshipped Fedhas.
Fedhas was greatly pleased with you.
You visited 3 branches of the dungeon, and saw 12 of its levels.
You also visited: Ossuary and Bailey.

You collected 576 gold pieces.

Inventory:

Hand Weapons
 a - a +0 shortbow
 b - a +2 dagger of venom (weapon)
 x - a +0 short sword of protection
 H - a +0 rapier
 Q - a +2 heavy orcbow
Missiles
 l - 2 silver javelins
 y - 9 poisoned darts
 P - 5 curare-tipped darts (quivered)
Armour
 e - a +0 pair of gloves (worn)
 m - the +1 scale mail of Suemaod (worn) {+Blink Will+ Regen+ Int-5}
   (You found it on level 4 of the Dungeon)

   Int-5:     It affects your intelligence (-5).
   Will+:     It increases your willpower.
   +Blink:    It lets you blink.
   Regen+:    It increases your rate of health regeneration.
 n - a +0 pair of boots (worn)
 r - a scarf of resistance (worn)
 A - a +1 helmet (worn)
 K - a +2 leather armour of fire resistance
 M - a +1 cloak
Jewellery
 s - a +5 ring of evasion (right hand)
 w - a ring of resist corrosion (left hand)
 z - a +6 ring of intelligence
 N - a ring of fire
Wands
 c - a wand of mindburst (1)
 I - a wand of iceblast (11)
 L - a wand of flame (49)
 R - a wand of digging (5)
Scrolls
 f - 4 scrolls of revelation
 g - 2 scrolls of enchant armour
 h - 7 scrolls of teleportation {!r}
 i - 3 scrolls of vulnerability
 j - 2 scrolls of immolation {unknown}
 o - 2 scrolls of torment {unknown}
 q - 2 scrolls of noise {unknown}
 v - a scroll of poison {unknown}
 C - 2 scrolls of amnesia {unknown}
 D - a scroll of summoning {unknown}
 F - a scroll of blinking {unknown}
 O - a scroll of enchant weapon {unknown}
 S - a scroll of fear {unknown}
Potions
 d - 6 potions of curing
 p - a potion of attraction {unknown}
 t - 4 potions of enlightenment
 u - 3 potions of heal wounds
 B - 5 potions of mutation {!q}
 E - a potion of berserk rage {unknown}
 G - a potion of haste {unknown}
 J - 2 potions of lignification {unknown}


   Skills:
 + Level 7.9 Fighting
 - Level 6.0 Short Blades
 + Level 12.6 Ranged Weapons
 + Level 6.0 Armour
 + Level 8.6 Dodging
 - Level 6.3 Stealth
 + Level 4.0 Invocations
 + Level 6.9 Evocations


You had 10 spell levels left.
You didn't know any spells.
Your spell library contained the following spells:

 Spells                   Type           Power      Damage    Failure   Level
 Hailstorm                Conj/Ice       0%         3d5       100%        3
 Stone Arrow              Conj/Erth      0%         3d7       100%        3
 Summon Ice Beast         Ice/Summ       0%         N/A       100%        3
 Animate Armour           Summ/Erth      0%         N/A       100%        4
 Sculpt Simulacrum        Ice/Alch       0%         N/A       100%        6
 Lehudib's Crystal Spear  Conj/Erth      0%         10d2      100%        8


Dungeon Overview and Level Annotations

Branches:
Dungeon (10/15)            Temple (1/1) D:4            Lair (1/5) D:10
    Orc (0/2) D:10        Ossuary (visited)          Bailey (visited)

Altars:
Ashenzari
Cheibriados
Dithmenos
Elyvilon
Fedhas
Gozag
Hepliaklqana
Kikubaaqudgha
Makhleb
Nemelex Xobeh
Okawaru
Qazlal
Ru
Sif Muna
Trog
Uskayaw
Vehumet
Wu Jian
Xom
Yredelemnul
Zin
The Shining One

Shops:
D:10 [

Annotations:
D:8 double head ogre
D:9 exclusions: downstairs and wight
D:10 exclusion: door, Lodul


Innate Abilities, Weirdness & Mutations

You are small and have problems with some larger weapons.
You are completely attuned to the shadows.


Message History

You feel better. The cane toad barely misses you.
The black mamba barely misses you. The cane toad misses you.
The black mamba bites you but does no damage.
You hit the black mamba but do no damage.
The black mamba is moderately wounded.
The black mamba misses you.
You hit the black mamba.
The black mamba is heavily wounded.
The cane toad stings you!
* * * LOW HITPOINT WARNING * * *
The black mamba barely misses you.
You hit the black mamba.
The black mamba is heavily wounded.
The black mamba bites you!
* * * LOW HITPOINT WARNING * * *
The cane toad stings you.
* * * LOW HITPOINT WARNING * * *
The cane toad attacks as it pursues you!
The cane toad completely misses you. The black mamba barely misses you.
You hit the black mamba.
The black mamba looks even sicker.
The black mamba is severely wounded.
The cane toad misses you. The black mamba bites you.
* * * LOW HITPOINT WARNING * * *
You are poisoned.
The black mamba poisons you!
You feel better.
The black mamba bites you but does no damage.
The cane toad stings you!
* * * LOW HITPOINT WARNING * * *
You are poisoned.
The cane toad poisons you! The black mamba misses you.
You closely miss the black mamba.
The black mamba is severely wounded.
You feel very sick. The cane toad stings you!
* * * LOW HITPOINT WARNING * * *
You are more poisoned.
The cane toad poisons you! The black mamba bites you!
You die...
Fedhas appreciates your contribution to the ecosystem.

...#...........
....................
.......#..........P..
..................♣..P
.........#..#.........
.........#......♣.....
.......#.#...#.....P..
.......P....##..F.....
#...............@S....
.......#.#.......P....
..[.........#.........
.......#.............~
.......#....#......P≈
..#...##.....#.#
................
............##.
.....##....##


You could see a black mamba (very poisoned) and a cane toad.

Vanquished Creatures
  A two-headed ogre (D:8)
  An ugly thing (D:10)
  Maurice (D:7)
  A black mamba (Lair:1)
  3 trolls
  A hornet (D:10)
  Sigmund (D:5)
  6 yaks
  A wraith (D:9)
  A steam dragon (D:9)
  8 vampire mosquitoes
  5 water moccasins
  2 orc warriors
  An ice beast (D:7)
  2 sky beasts
  A black bear (D:5)
  3 ogres
  3 centaurs
  A phantom (D:5)
  A kobold brigand (D:8)
  3 bullfrogs
  10 scorpions
  A burial acolyte (D:5)
  9 wights
  8 killer bees
  9 howler monkeys
  6 centaur zombies (Ossuary)
  4 orc priests
  4 hounds
  3 human zombies (D:5)
  3 jellies
  A gnoll bouda (D:7)
  2 sleepcaps (D:5)
  7 iguanas
  6 scorpion zombies (Ossuary)
  4 orc wizards
  Terence (D:3)
  A hound zombie (D:5)
  3 mummies (Ossuary)
  4 adders
  17 gnolls
  A shadow imp (D:3)
  2 adder zombies (Ossuary)
  2 ribbon worms
  A dart slug (D:1)
  27 orcs
  9 endoplasms
  2 giant cockroaches
  8 goblins
  8 hobgoblins
  14 jackals
  5 quokkas
  4 ball pythons
  3 ball python zombies (Ossuary)
  4 bats
  3 frilled lizards
  3 jackal zombies (Ossuary)
  14 kobolds
  2 orc skeletons (D:5)
  3 orc zombies
  4 rats
269 creatures vanquished.

Vanquished Creatures (others)
  A human (D:5)
1 creature vanquished.

Grand Total: 270 creatures vanquished

Notes
Turn   | Place    | Note
-------+----------+-------------------------------------------
     0 | D:1      | seren the Kobold Hunter began the quest for the Orb.
     0 | D:1      | Reached XP level 1. HP: 12/12 MP: 1/1
    92 | D:1      | Reached XP level 2. HP: 17/18 MP: 2/2
   620 | D:1      | Reached XP level 3. HP: 21/22 MP: 3/3
  1725 | D:3      | Noticed Terence
  1738 | D:3      | Killed Terence
  1739 | D:3      | Reached skill level 6 in Ranged Weapons
  1739 | D:3      | Reached XP level 4. HP: 19/27 MP: 4/4
  2011 | D:3      | Noticed a water moccasin
  2075 | D:3      | Reached XP level 5. HP: 32/32 MP: 5/5
  2472 | D:4      | Reached skill level 1 in Short Blades
  2502 | D:4      | Found a stormy altar of Qazlal.
  2651 | D:4      | Identified the +1 scale mail of Suemaod {+Blink Will+
                  | Regen+ Int-5}
  2687 | D:4      | Reached skill level 1 in Armour
  2714 | D:4      | Reached XP level 6. HP: 37/37 MP: 6/6
  2725 | D:4      | Noticed a sky beast
  2891 | D:4      | Killed a sky beast
  2931 | D:4      | Reached skill level 1 in Evocations
  2993 | D:4      | Reached XP level 7. HP: 28/41 MP: 7/7
  3284 | D:4      | Found a staircase to the Ecumenical Temple.
  3290 | Temple   | Entered the Ecumenical Temple
  3577 | D:4      | Found a sacrificial altar of Ru.
  3735 | D:4      | Reached skill level 7 in Ranged Weapons
  3941 | D:5      | Entered Level 5 of the Dungeon
  4137 | D:5      | Found an ancient bone altar of Kikubaaqudgha.
  4163 | D:5      | Reached XP level 8. HP: 44/48 MP: 8/8
  4251 | D:5      | Noticed Sigmund
  4268 | D:5      | Killed Sigmund
  4309 | D:5      | Reached skill level 8 in Ranged Weapons
  4355 | D:5      | Reached skill level 5 in Stealth
  4404 | D:5      | Found a sand-covered staircase.
  4410 | Ossuary  | Entered an ossuary
  4451 | Ossuary  | Reached skill level 5 in Dodging
  4680 | Ossuary  | Reached skill level 9 in Ranged Weapons
  4680 | Ossuary  | Reached XP level 9. HP: 45/53 MP: 9/9
  4786 | Ossuary  | Reached skill level 5 in Fighting
  5267 | D:5      | Reached skill level 10 in Ranged Weapons
  5630 | D:5      | Found a blossoming altar of Fedhas.
  5635 | D:5      | Became a worshipper of Fedhas Madash
  6594 | D:6      | Found a sparkling altar of Nemelex Xobeh.
  7041 | D:7      | Reached XP level 10. HP: 50/60 MP: 10/10
  7594 | D:7      | Reached skill level 11 in Ranged Weapons
  7594 | D:7      | Reached skill level 5 in Armour
  7631 | D:7      | Reached * piety under Fedhas
  7637 | D:7      | Noticed Maurice
  7676 | D:7      | Killed Maurice
  7836 | D:7      | Reached skill level 5 in Evocations
  7999 | D:7      | Reached skill level 1 in Invocations
  8252 | D:8      | Identified the +6 chain mail of Hadjma {^Drain rC- rCorr
                  | Str+6}
  8416 | D:8      | Noticed a two-headed ogre
  8608 | D:8      | Found a flagged portal.
  8632 | Bailey   | Entered a bailey
  8652 | Bailey   | Reached ** piety under Fedhas
  8867 | Bailey   | Noticed an orc knight
  9730 | D:9      | Reached *** piety under Fedhas
  9731 | D:9      | Reached skill level 5 in Short Blades
  9864 | D:9      | Found a hazy altar of Hepliaklqana.
  9952 | D:9      | Reached XP level 11. HP: 65/66 MP: 12/12
 10508 | D:8      | Reached skill level 12 in Ranged Weapons
 10615 | D:8      | Killed a two-headed ogre
 10982 | D:9      | Found a broken altar of Ashenzari.
 11368 | D:10     | Entered Level 10 of the Dungeon
 11370 | D:10     | Found Cim Acko's Armour Shop.
 11670 | D:10     | Noticed Lodul
 11885 | D:10     | Found a staircase to the Orcish Mines.
 12069 | D:10     | Noticed a red ugly thing
 12081 | D:10     | Killed a red ugly thing
 12123 | D:10     | Found a white marble altar of Elyvilon.
 12213 | D:10     | Found a staircase to the Lair.
 12258 | Lair:1   | Entered Level 1 of the Lair of Beasts
 12350 | Lair:1   | Reached **** piety under Fedhas
 12414 | Lair:1   | Slain by a black mamba

Illustrated notes

Levels and vault maps discovered:
D:1:      dpeg_arrival_line_fractal, layout_loops_ring, minmay_misc_feat_rows,
          minivault_5, columned_hall_lemuel
D:2:      layout_rooms
D:3:      layout_rooms, minmay_pentangle, uniq_terence
D:4:      layout_basic, nicolae_ru_path_of_blood, mainiacjoe_overflow_paths,
          minmay_temple_entry_mini_moons, serial_bayou, serial_bayou_crossing,
          serial_bayou_lagoon_b, serial_bayou_pond_b, serial_bayou_lagoon_a,
          minmay_manual_mail
D:5:      layout_loops_ring, tgw_kikubaaqudgha, lemuel_coloured_pillars_altar,
          nicolae_ossuary_entry_catacombs, uniq_sigmund
D:6:      layout_loops_ring, mainiacjoe_overflow_chevrons
D:7:      layout_basic, kennysheep_pointless_box, grunt_decor_resistance,
          uniq_maurice
D:8:      layout_loops_cross, enter_bailey_5
D:9:      layout_basic, marbit_many_paths, nicolae_ashenzari_panopticon
D:10:     layout_loops_ring, mainiacjoe_overflow_brackets,
          erik_lair_orcish_takeover, kennysheep_orc_monster_closet_entryway,
          serial_shops, kennysheep_mini, chequers_serial_rivers_micro_e,
          uniq_lodul
Temple:   nicolae_temple_two_arcs
Lair:1:   layout_gridlike, portal_ice_cave_demonic_guard,
          grunt_forest_large_clearings

Skill      XL: |  1  2  3  4  5  6  7  8  9 10 11 |
---------------+----------------------------------+-----
Stealth        | 2 3 4 5 6 |  6.3
Dodging        | 3 4 5 6 7 8 |  8.6
Ranged Weapons | 6 7 9 10 11 12 | 12.6
Fighting       | 3 4 6 7 |  7.9
Short Blades   | 1 2 3 4 5 6 |  6.0
Armour         | 1 2 4 5 6 |  6.0
Evocations     | 1 2 3 5 6 |  6.9
Invocations    | 1 4 |  4.0

Action                     |  1- 3 |  4- 6 |  7- 9 | 10-12 || total
---------------------------+-------+-------+-------+-------++-------
  Melee: Dagger            |     6 |    45 |   389 |   381 ||   821
         Punch             |       |     1 |     9 |     7 ||    17
   Fire: Shortbow          |   109 |    63 |   179 |   305 ||   656
 Invoke: Wall of Briars    |       |       |       |     1 ||     1
  Evoke: Wand              |       |       |       |    29 ||    29
    Use: Potion            |       |     2 |     1 |     6 ||     9
         Scroll            |       |     1 |     6 |     4 ||    11
   Stab: Sleeping          |       |       |     4 |    12 ||    16
         Distracted        |       |       |     1 |     2 ||     3
         Invisible         |       |       |       |     2 ||     2
 Armour: Leather armour    |    18 |       |       |       ||    18
         Ring mail         |    19 |    25 |       |       ||    44
         Scale mail        |       |     9 |   348 |   415 ||   772
  Dodge: Dodged            |    49 |    54 |   312 |   533 ||   948

Table legend: (Time is in decaauts)
 A = Elapsed time spent in this place.
 B = Non-inter-level travel time spent in this place.
 C = Inter-level travel time spent in this place.
 D = Time resting spent in this place.
 E = Time spent auto-exploring this place.
 F = Levels seen in this place.
 G = Mean time per level.
                   A        B        C        D        E       F      G
               +--------+--------+--------+--------+--------+-----+--------+
         Total |  12410 |  11068 |   1342 |    383 |   5902 |  14 |  886.4 |
       Dungeon |  11326 |   9984 |   1342 |    327 |   5858 |  10 | 1132.6 |
        Temple |     63 |     63 |      0 |      0 |      0 |   1 |   63.0 |
          Lair |    118 |    118 |      0 |     30 |      0 |   1 |  118.0 |
       Ossuary |    642 |    642 |      0 |     21 |     44 |   1 |  642.0 |
        Bailey |    259 |    259 |      0 |      5 |      0 |   1 |  259.0 |
               +--------+--------+--------+--------+--------+-----+--------+

Top non-repeatable levels by time:
     D:9: 1620 daAuts
     D:7: 1563 daAuts
     D:4: 1541 daAuts
     D:5: 1279 daAuts
     D:1: 1155 daAuts
     D:6: 1069 daAuts
     D:8: 944 daAuts
     D:3: 929 daAuts
    D:10: 686 daAuts
 Ossuary: 642 daAuts
     D:2: 536 daAuts
  Bailey: 259 daAuts
  Lair:1: 118 daAuts
  Temple: 63 daAuts
